 Dungeon Crawl Stone Soup version 0.19.0-2-gae57169 (webtiles) character file.

48650 Chiseanne the Thaumaturge (level 14, -1/93 HPs)
             Began as a High Elf Artificer on Nov 6, 2016.
             Was a High Priest of Vehumet.
             Killed by divine providence
             ... invoked by Saint Roka
              (15 damage)
             ... on level 2 of the Orcish Mines.
             The game lasted 01:35:23 (23537 turns).

Chiseanne the Thaumaturge (High Elf Artificer)     Turns: 23537, Time: 01:35:23

Health: -1/93      AC: 27    Str: 20    XL:     14   Next: 13%
Magic:  30/33      EV: 33    Int: 20    God:    Vehumet [*****.]
Gold:   1001       SH:  0    Dex: 29    Spells: 7 memorised, 15 levels left

rFire  + . .     SeeInvis .     w - +9 shortbow of the Shore {venom, Dex+7}
rCold  . . .     Gourm    .     E - +3 robe of the Leaf {rElec Str+4}
rNeg   . . .     Faith    +     (shield currently unavailable)
rPois  .         Spirit   .     R - +1 helmet
rElec  +         Reflect  .     G - +2 cloak
rCorr  .         Harm     .     h - +2 pair of gloves
MR     +....                    (no boots)
Stlth  ++++......               U - amulet of faith
                                I - ring of Beixkuno {rElec rF+}
                                L - +6 ring of protection

@: mighty, agile, exhausted, icy armour, slowed, very slow
A: no striking features
a: Renounce Religion


You were on level 2 of the Orcish Mines.
You worshipped Vehumet.
Vehumet was extremely pleased with you.
You were not hungry.

You visited 4 branches of the dungeon, and saw 21 of its levels.
You also visited: Ossuary and Volcano.

You collected 1829 gold pieces.
You spent 828 gold pieces at shops.

Inventory:

Hand Weapons
 a - a +6 long sword of freezing
 s - a +2 scimitar of flaming
 w - the +9 shortbow of the Shore (weapon) {venom, Dex+7}
   (You found it on level 9 of the Dungeon)

   It poisons the ammo it fires.
   It affects your dexterity (+7).
 Q - a +2 triple sword of flaming
Missiles
 A - 64 bolts
 X - 92 arrows (quivered)
Armour
 h - a +2 pair of gloves (worn)
 C - a +2 robe of fire resistance
 E - the +3 robe of the Leaf (worn) {rElec Str+4}
   (You found it on level 5 of the Dungeon)

   It affects your strength (+4).
   It insulates you from electricity.
 G - a +2 cloak (worn)
 R - a +1 helmet (worn)
Magical Staves
 y - an uncursed staff of power
Jewellery
 p - an uncursed amulet of magic regeneration
 F - an uncursed ring of protection from cold
 I - the ring of Beixkuno (right hand) {rElec rF+}
   (You found it on level 5 of the Dungeon)

   [ring of protection from fire]

   It protects you from fire.
   It insulates you from electricity.
 L - a +6 ring of protection (left hand)
 U - an amulet of faith (around neck)
 Z - an uncursed ring of poison resistance
Wands
 e - a wand of paralysis (0/24)
 g - a wand of confusion (19/48)
 q - a wand of acid (9/15)
 u - a wand of paralysis (10/24)
 K - a wand of iceblast (9/15)
 T - a wand of digging (0/24)
 V - a wand of paralysis (8/24)
Scrolls
 d - 5 scrolls of identify
 i - 3 scrolls of amnesia
 o - 3 scrolls of remove curse
 x - 3 scrolls of recharging
 z - a scroll of teleportation
 P - a scroll of fog
Potions
 c - a potion of cancellation
 k - 4 potions of might
 l - 6 potions of flight
 t - 5 potions of resistance
 v - 6 potions of lignification
 B - 14 potions of curing
 H - 5 potions of ambrosia
 J - 2 potions of berserk rage
 N - 5 potions of brilliance
 O - a potion of agility
 W - a potion of haste
Miscellaneous
 M - a lamp of fire (inert)
Comestibles
 b - 20 fruits
 f - 11 bread rations
 m - a slice of pizza
 r - 8 meat rations
 S - 5 beef jerkies
 Y - a royal jelly


   Skills:
 - Level 7.9 Fighting
   Level 1.2 Short Blades
 - Level 7.4 Bows
 - Level 4.1 Armour
 - Level 13.6 Dodging
 - Level 1.1 Stealth
 - Level 14.2 Spellcasting
 * Level 5.4 Conjurations
 - Level 2.6 Charms
 - Level 6.0 Ice Magic
 - Level 6.6 Air Magic
 - Level 6.0 Earth Magic
 - Level 5.0 Evocations


You had 15 spell levels left.
You knew the following spells:

 Your Spells              Type           Power        Failure   Level  Hunger
a - Throw Frost           Conj/Ice       #####.       1%          2    None
b - Ozocubu's Armour      Chrm/Ice       ####....     2%          3    None
c - Throw Icicle          Conj/Ice       #####...     1%          4    None
d - Static Discharge      Conj/Air       #####...     1%          3    None
e - Lee's Rapid Deconstr  Erth           #####.....   3%          5    ###....
f - Regeneration          Chrm/Necr      ###.......   10%         3    None
g - Conjure Ball Lightni  Conj/Air       #####.....   21%         6    #####..


Dungeon Overview and Level Annotations

Branches:
Dungeon (12/15)            Temple (1/1) D:7            Lair (6/6) D:11
 Shoals (0/4) Lair:2        Snake (0/4) Lair:2        Slime (0/5) Lair:6
    Orc (2/2) D:11
    Elf: Orc:2

Altars:
Cheibriados
Dithmenos
Elyvilon
Fedhas
Hepliaklqana
Kikubaaqudgha
Makhleb
Nemelex Xobeh
Okawaru
Qazlal
Ru
Sif Muna
Trog
Uskayaw
Vehumet
Xom
Yredelemnul
The Shining One
Beogh
Jiyva

Shops:
D:5 !   D:6 *   D:8 =   D:10 %   Orc:1 (   Orc:2 !}

Annotations:
D:5 Prince Ribbit
Orc:1 Rupert
Orc:2 Saint Roka


Message History

Okay, then.
Wield which item (- for none, * to show all)? (? for menu, Esc to quit)
Your +2 triple sword of flaming stops flaming.
The +9 shortbow of the Shore {venom, Dex+7} begins to drip with poison!
w - the +9 shortbow of the Shore (weapon)
{venom, Dex+7} Saint Roka hits you with a great mace!!
* * * LOW HITPOINT WARNING * * *
You hear a shout!
Okay, then.
Evoke which item? (* to show all) (? for menu, Esc to quit)
Aim the lamp in which direction?
Press: ? - help, Dir - move target cursor, f - Saint Roka
Aim: Saint Roka, wielding a great mace and wearing a chain mail (severely wounded)
The flames dance!
The trail of fire hits Saint Roka.
Saint Roka is severely wounded.
The orc priest completely misses you.
Saint Roka is engulfed in roaring flames.
Saint Roka mumbles some strange prayers to Beogh against you.
Beogh smites you!
You die...

#....(.......##...o...#
##.###(.......#........
####...(...(.###.....##
####.#.....(..(.#o......#
##.#...........(......####
#.........#...)To....##
##....#######...o..### # #
##.....######ho......###§##
##.......##@#(#.o.......≈§§.
###.........§oo###.........≈##
##.#........§.§###......####≈##
###..........§...§###..####
.#......#.....§..§.###.#
.......######.§..§.#####
........####...§§...#.##
##.......##....§§......#
#.......#........#...##


You could see Saint Roka and an orc priest.

Vanquished Creatures
  A red draconian (Volcano)
  3 dire elephants (Lair:6)
  An ogre mage (Volcano)
  3 hydras
  An anaconda (Lair:6)
  3 death yaks (Lair:4)
  A queen ant (Lair:3)
  A skeletal warrior (D:12)
  A deep troll (Orc:2)
  2 hill giants (D:11)
  A lindwurm (Lair:6)
  An ugly thing (D:11)
  A deep elf mage (D:12)
  2 orc knights (Orc:2)
  A cyclops (Orc:1)
  An orc sorcerer (Orc:2)
  14 elephants
  3 black mambas
  A gargoyle (D:12)
  7 spiny frogs
  3 rime drakes
  6 komodo dragons
  2 trolls
  5 two-headed ogres
  2 hippogriffs
  A hornet (D:11)
  6 blink frogs
  Duvessa (D:5)
  The ghost of barbarian the Skirmisher, an amateur GrEn (D:3)
  A spriggan (D:8)
  Sigmund (D:3)
  2 basilisks
  38 yaks
  Eustachio (D:4)
  5 nagas (Lair:2)
  2 wargs
  A soldier ant (Lair:3)
  11 water moccasins
  2 porcupines
  2 sky beasts
  A hornet zombie (D:9)
  A slave (D:4)
  3 ice beasts
  13 ogres
  6 black bears
  17 orc warriors
  2 phantoms
  A necrophage (D:12)
  14 wolves
  A tengu (D:4)
  6 centaurs
  14 crocodiles
  A big kobold (D:11)
  2 elf zombies (Ossuary)
  Blork the orc (D:6)
  16 bullfrogs
  Dowan (D:5)
  A scorpion (D:10)
  A water moccasin skeleton (D:9)
  6 killer bees
  11 wights
  2 howler monkeys
  4 electric eels
  6 crimson imps
  A bullfrog zombie (D:10)
  6 jellies
  4 iguanas
  13 orc priests
  Crazy Yiuf (D:2)
  3 hounds
  2 centaur skeletons
  A gnoll shaman (D:7)
  19 orc wizards
  36 worker ants
  A big kobold zombie (Ossuary)
  A hound zombie (Ossuary)
  2 hound skeletons
  4 mummies (Ossuary)
  5 gnolls
  14 adders
  A river rat (D:3)
  A shadow imp (D:8)
  An adder skeleton (D:8)
  3 worms (D:3)
  3 dart slugs
  3 leopard geckos
  60 orcs
  6 giant cockroaches
  A gnoll zombie (Ossuary)
  5 goblins
  7 hobgoblins
  13 jackals
  8 kobolds
  7 quokkas
  9 bats
  3 frilled lizards
  2 goblin zombies (Ossuary)
  3 hobgoblin zombies (Ossuary)
  A jackal zombie (Ossuary)
  A kobold zombie (Ossuary)
  2 quokka skeletons
  10 rats
  5 fungi
  3 plants
544 creatures vanquished.

Vanquished Creatures (collateral kills)
  Edmund (D:5)
  A gnoll (D:3)
  A goblin (D:3)
  A frilled lizard (D:3)
  A rat (D:3)
5 creatures vanquished.

Vanquished Creatures (others)
  An unseen horror (D:10)
  A sky beast (D:5)
  An ogre (D:5)
  An orc wizard (D:3)
  A gnoll (D:3)
  A shadow imp (D:5)
  3 orcs
  A kobold (D:3)
  9 fungi
  14 plants
33 creatures vanquished.

Grand Total: 582 creatures vanquished

Notes
Turn   | Place    | Note
-------+----------+-------------------------------------------
     0 | D:1      | Chiseanne the High Elf Artificer began the quest for the Orb.
     0 | D:1      | Reached XP level 1. HP: 13/13 MP: 4/4
    37 | D:1      | You fall through a shaft!
   103 | D:2      | Found a runed door.
   130 | D:2      | Found a snail-covered altar of Cheibriados.
   156 | D:2      | Noticed Crazy Yiuf
   159 | D:2      | Killed Crazy Yiuf
   159 | D:2      | Reached XP level 2. HP: 19/19 MP: 5/5
   159 | D:2      | Reached XP level 3. HP: 24/24 MP: 6/6
  1034 | D:1      | Reached XP level 4. HP: 29/30 MP: 7/7
  1398 | D:3      | Noticed barbarian's ghost (amateur GrEn)
  1421 | D:3      | Noticed Sigmund
  1436 | D:3      | Killed Sigmund
  1436 | D:3      | Reached skill level 1 in Armour
  1436 | D:3      | Reached skill level 1 in Spellcasting
  1436 | D:3      | Reached XP level 5. HP: 23/36 MP: 8/8
  1509 | D:3      | Reached skill level 2 in Spellcasting
  1665 | D:3      | Found a stormy altar of Qazlal.
  1711 | D:3      | Reached XP level 6. HP: 33/42 MP: 10/10
  2331 | D:3      | Killed barbarian's ghost
  2786 | D:4      | Noticed Eustachio
  2806 | D:4      | Killed Eustachio
  2806 | D:4      | Reached skill level 3 in Spellcasting
  2806 | D:4      | Reached XP level 7. HP: 16/48 MP: 12/12
  3087 | D:4      | Found a shimmering altar of Xom.
  3289 | D:4      | Noticed Pikel
  3291 | D:4      | Noticed Pikel
  3291 | D:4      | Pikel changed into Pikel the tengu
  3294 | D:4      | Killed Pikel the tengu
  3566 | D:4      | Found a hazy altar of Hepliaklqana.
  3566 | D:4      | Found a faded altar of an unknown god.
  3571 | D:4      | Found a faded altar of an unknown god.
  3573 | D:4      | Found a faded altar of an unknown god.
  3574 | D:4      | Found a faded altar of an unknown god.
  3630 | D:5      | Entered Level 5 of the Dungeon
  3697 | D:5      | Reached skill level 5 in Dodging
  3770 | D:5      | Got a brightly glowing pewter ring
  3780 | D:5      | Identified the ring of Beixkuno {rElec rF+} (You found it on level 5 of the Dungeon)
  3896 | D:5      | Found Silox's Distillery.
  3899 | D:5      | Noticed Edmund
  3911 | D:5      | Killed Edmund
  3911 | D:5      | Reached skill level 5 in Fighting
  3911 | D:5      | Reached skill level 4 in Spellcasting
  3918 | D:5      | Bought a potion of degeneration for 12 gold pieces
  3918 | D:5      | Bought a potion of resistance for 120 gold pieces
  3918 | D:5      | Bought a potion of agility for 48 gold pieces
  3918 | D:5      | Bought a potion of heal wounds for 60 gold pieces
  3949 | D:5      | Reached XP level 8. HP: 46/55 MP: 15/15
  3980 | D:5      | Noticed Prince Ribbit
  3980 | D:5      | Got a fine robe
  3981 | D:5      | Noticed Dowan
  3983 | D:5      | Noticed Duvessa
  4001 | D:5      | Killed Duvessa
  4013 | D:5      | Killed Dowan
  4044 | D:4      | Found a burning altar of Makhleb.
  4044 | D:4      | Found a white marble altar of Elyvilon.
  4209 | D:5      | Noticed Prince Ribbit
  4209 | D:5      | Prince Ribbit changed into Prince Ribbit the spiny frog
  4216 | D:5      | Noticed Prince Ribbit
  4216 | D:5      | Prince Ribbit the spiny frog changed into Prince Ribbit the komodo dragon
  4360 | D:5      | Identified the +3 robe of the Leaf {rElec Str+4} (You found it on level 5 of the Dungeon)
  4493 | D:6      | Found Coron's General Store.
  4795 | D:6      | Noticed Blork the orc
  4806 | D:6      | Killed Blork the orc
  5428 | D:7      | Found a stormy altar of Qazlal.
  5778 | D:7      | Reached skill level 5 in Evocations
  5778 | D:7      | Reached XP level 9. HP: 63/63 MP: 17/17
  5811 | D:7      | Found a staircase to the Ecumenical Temple.
  5852 | D:7      | Found a shadowy altar of Dithmenos.
  5882 | Temple   | Entered the Ecumenical Temple
  6102 | Temple   | Became a worshipper of Vehumet
  6225 | D:7      | Reached skill level 5 in Spellcasting
  6833 | D:8      | Found Peeduf's Jewellery Shoppe.
  6903 | D:8      | Found a snail-covered altar of Cheibriados.
  7091 | D:8      | Found a sand-covered staircase.
  7097 | Ossuary  | Entered an ossuary
  7127 | Ossuary  | Reached * piety under Vehumet
  7127 | Ossuary  | Offered knowledge of Sting by Vehumet.
  7704 | D:8      | Reached skill level 6 in Spellcasting
  8191 | D:5      | Bought a potion of mutation for 30 gold pieces
  8191 | D:5      | Bought 2 potions of might for 96 gold pieces
  8191 | D:5      | Bought a potion of curing for 36 gold pieces
  8191 | D:5      | Bought a potion of agility for 48 gold pieces
  8280 | D:9      | Got a crystal shortbow
  8468 | D:9      | Learned a level 3 spell: Ozocubu's Armour
  8471 | D:9      | Learned a level 2 spell: Throw Frost
  8518 | D:9      | Reached skill level 7 in Spellcasting
  8591 | D:9      | Reached skill level 1 in Ice Magic
  8645 | D:9      | Identified the +9 shortbow of the Shore {venom, Dex+7} (You found it on level 9 of the Dungeon)
  8763 | D:9      | Reached XP level 10. HP: 72/72 MP: 21/21
  8962 | D:9      | Reached ** piety under Vehumet
  8989 | D:10     | Entered Level 10 of the Dungeon
  8996 | D:9      | Offered knowledge of Sandblast by Vehumet.
  9107 | D:10     | Killed an unseen horror
  9204 | D:10     | Reached skill level 8 in Spellcasting
  9301 | D:10     | Found Yddoi's Food Shoppe.
  9644 | D:11     | Found a staircase to the Lair.
  9650 | D:11     | Offered knowledge of Static Discharge by Vehumet.
  9658 | D:11     | Learned a level 3 spell: Static Discharge
  9681 | D:11     | Reached skill level 1 in Air Magic
  9913 | D:11     | Reached *** piety under Vehumet
  9976 | D:11     | Reached skill level 5 in Ice Magic
 10026 | D:11     | Noticed a hill giant
 10028 | D:11     | Noticed a hill giant
 10032 | D:11     | Reached skill level 9 in Spellcasting
 10075 | D:11     | Learned a level 4 spell: Throw Icicle
 10131 | D:11     | Noticed a red ugly thing
 10150 | D:11     | Killed a red ugly thing
 10215 | D:11     | Found a staircase to the Orcish Mines.
 10258 | D:11     | Killed a hill giant
 10258 | D:11     | Reached skill level 1 in Bows
 10258 | D:11     | Reached XP level 11. HP: 77/77 MP: 25/25
 10349 | D:11     | Offered knowledge of Fulminant Prism by Vehumet.
 10467 | D:11     | Killed a hill giant
 10678 | D:11     | Found a blossoming altar of Fedhas.
 10806 | D:12     | Noticed a deep elf mage
 10816 | D:12     | Killed a deep elf mage
 10816 | D:12     | Reached skill level 1 in Conjurations
 11085 | D:12     | Reached **** piety under Vehumet
 11240 | D:12     | Reached skill level 10 in Spellcasting
 11261 | D:12     | Reached skill level 5 in Bows
 11430 | D:12     | Noticed a skeletal warrior
 11436 | D:12     | Noticed a skeletal warrior
 11466 | D:12     | Killed a skeletal warrior
 11466 | D:12     | Offered knowledge of Lee's Rapid Deconstruction by Vehumet.
 11942 | D:12     | Noticed a skeletal warrior
 12174 | Orc:1    | Entered Level 1 of the Orcish Mines
 12219 | Lair:1   | Entered Level 1 of the Lair of Beasts
 12290 | Lair:1   | Noticed an eight-headed hydra
 12302 | Lair:1   | HP: 2/77 [eight-headed hydra (10)]
 12791 | Lair:1   | Reached skill level 1 in Charms
 13447 | Lair:1   | Killed an eight-headed hydra
 13447 | Lair:1   | Reached skill level 10 in Dodging
 13447 | Lair:1   | Reached skill level 11 in Spellcasting
 13779 | Lair:1   | Learned a level 5 spell: Lee's Rapid Deconstruction
 13813 | Lair:2   | Reached XP level 12. HP: 66/82 MP: 18/28
 14030 | Lair:2   | Reached skill level 1 in Earth Magic
 14158 | Lair:2   | Learned a level 3 spell: Regeneration
 14744 | Lair:2   | Found a staircase to the Shoals.
 14859 | Lair:2   | Found a staircase to the Snake Pit.
 15511 | Lair:3   | Noticed a queen ant
 15527 | Lair:3   | Killed a queen ant
 15527 | Lair:3   | Reached skill level 12 in Spellcasting
 16320 | Lair:4   | Noticed a death yak
 16320 | Lair:4   | Noticed a death yak
 16320 | Lair:4   | Noticed a death yak
 16343 | Lair:4   | Killed a death yak
 16430 | Lair:4   | Killed a death yak
 16434 | Lair:4   | Killed a death yak
 17549 | Lair:5   | Reached XP level 13. HP: 88/88 MP: 30/30
 17910 | Lair:5   | Reached skill level 5 in Earth Magic
 17911 | Lair:5   | Reached ***** piety under Vehumet
 17911 | Lair:5   | Offered knowledge of Conjure Ball Lightning by Vehumet.
 18529 | Lair:6   | Entered Level 6 of the Lair of Beasts
 18586 | Lair:6   | Reached skill level 13 in Spellcasting
 19119 | Lair:6   | Found a viscous altar of Jiyva.
 19120 | Lair:6   | Found a staircase to the Slime Pits.
 19242 | Lair:6   | Learned a level 6 spell: Conjure Ball Lightning
 20376 | Lair:6   | Reached skill level 5 in Air Magic
 21007 | Lair:6   | Noticed a dire elephant
 21007 | Lair:6   | Noticed a dire elephant
 21022 | Lair:6   | Killed a dire elephant
 21036 | Lair:6   | Killed a dire elephant
 21060 | Lair:6   | Identified the Compendium of the Escort and Necromancy
 21228 | Lair:6   | Noticed a dire elephant
 21241 | Lair:6   | Killed a dire elephant
 21560 | Orc:1    | Found Pocyb's Antique Weapon Shoppe.
 21633 | Orc:1    | Offered knowledge of Ozocubu's Refrigeration by Vehumet.
 22165 | Orc:2    | Entered Level 2 of the Orcish Mines
 22167 | Orc:2    | Found Qoreeh's Quality Used Wands.
 22167 | Orc:2    | Found Isad Bifra's Distillery.
 22194 | Orc:2    | Reached skill level 14 in Spellcasting
 22355 | Orc:2    | Bought a potion of heal wounds for 70 gold pieces
 22355 | Orc:2    | Bought a potion of heal wounds for 70 gold pieces
 22355 | Orc:2    | Bought a potion of curing for 42 gold pieces
 22355 | Orc:2    | Bought a potion of curing for 42 gold pieces
 22355 | Orc:2    | Bought a potion of curing for 42 gold pieces
 22355 | Orc:2    | Bought a potion of ambrosia for 112 gold pieces
 22556 | Orc:2    | Found a dark tunnel.
 22566 | Volcano  | Entered a volcano
 22584 | Volcano  | Noticed a red draconian
 22600 | Volcano  | Killed a red draconian
 22600 | Volcano  | Reached XP level 14. HP: 32/93 MP: 12/33
 22985 | Orc:2    | Noticed Saint Roka
 23156 | Orc:2    | Found a roughly hewn altar of Beogh.
 23156 | Orc:2    | Noticed Rupert
 23166 | Orc:1    | Paralysed by Rupert for 4 turns
 23495 | Orc:2    | Reached skill level 5 in Conjurations
 23537 | Orc:2    | Killed from afar by Saint Roka

Skill      XL: |  1  2  3  4  5  6  7  8  9 10 11 12 13 14 |
---------------+-------------------------------------------+-----
Fighting       | 2 3 4 5 6 7 |  7.9
Armour         | 1 2 3 4 |  4.1
Dodging        | 3 4 5 6 8 9 10 11 13 | 13.6
Spellcasting   | 1 2 3 4 7 9 11 12 14 | 14.2
Evocations     | 5 |  5.0
Ice Magic      | 1 5 6 |  6.0
Air Magic      | 3 6 |  6.6
Bows           | 1 7 |  7.4
Conjurations   | 3 4 5 |  5.4
Charms         | 2 |  2.6
Earth Magic    | 4 6 |  6.0
Short Blades   | |  1.2
Stealth        | |  1.1

Action                   |  1- 3 |  4- 6 |  7- 9 | 10-12 | 13-15 || total
-------------------------+-------+-------+-------+-------+-------++-------
Melee: Short sword       |    12 |       |       |       |       ||    12
       Quarterstaff      |    61 |   128 |   142 |       |       ||   331
       Long sword        |       |       |   233 |   133 |    33 ||   399
       Triple sword      |       |       |       |       |    29 ||    29
 Fire: Shortbow          |       |       |    13 |   499 |   365 ||   877
Throw: Javelin           |       |       |     6 |       |       ||     6
 Cast: Ozocubu's Armour  |       |       |     1 |    25 |    27 ||    53
       Static Discharge  |       |       |       |   140 |   116 ||   256
       Throw Icicle      |       |       |       |    37 |    18 ||    55
       Throw Frost       |       |       |       |     2 |       ||     2
       Regeneration      |       |       |       |       |     1 ||     1
Evoke: Wand              |     2 |    10 |    42 |     3 |    10 ||    67
       Lamp of fire      |       |       |       |       |     2 ||     2
  Use: Scroll            |       |     9 |    21 |    12 |     7 ||    49
       Potion            |       |     1 |     3 |       |     9 ||    13
 Stab: Confused          |       |     1 |       |       |       ||     1
       Paralysed         |       |     1 |    12 |     6 |     4 ||    23
       Distracted        |       |     1 |       |       |       ||     1
       Sleeping          |       |       |     6 |       |       ||     6
  Eat: Chunk             |       |     6 |    19 |    27 |    17 ||    69
       Fruit             |       |       |     1 |     2 |     2 ||     5
Armor: Leather armour    |     3 |       |       |       |       ||     3
       Ring mail         |    26 |    58 |    56 |       |       ||   140
       Robe              |       |       |   122 |   201 |    81 ||   404
Dodge: Dodged            |    55 |    90 |   390 |   538 |   380 ||  1453
       Rpst.: Long sword |       |       |    98 |    33 |       ||   131
       Triple sword      |       |       |       |       |    12 ||    12
